Map: Dusk Towers

Players

Crazy - Winner!

  • Race: Terran Terran
  • League: Gold

JoTeDeM

  • Race: Terran Terran
  • League: Silver

VOD

Have the link to the VOD?

Description

Time

  • Played on: Dec. 24, 2015, 11:10 p.m.
  • Length: 7:01
Show
View Real Time Build Order
Export as new Build Order

Crazy Terran - Winner!

Build Orders:  

Get SALT Encoding   

  12  0:01  SCV  
  13  0:13  SCV  
  14  0:22  Supply Depot  
  14  0:26  Refinery  
  14  0:29  SCV  
  15  0:44  SCV  
  15  0:46  Barracks  
  16  0:56  SCV  
  17  0:59  Refinery  
  17  1:08  SCV  
  18  1:20  SCV  
  19  1:33  Reaper  
  19  1:34  Orbital Command  
  20  1:42  Factory  
  20  2:01  SCV  
  20  2:05  Reaper  
  22  2:21  SCV  
  23  2:30  Supply Depot  
  23  2:37  Starport  
  23  2:50  Command Center  
  23  2:52  Barracks Reactor, Hellion  
  23  2:57  Supply Depot, SCV  
  24  3:40  Starport Reactor  
  24  3:42  Supply Depot, Barracks Tech Lab, SCV  
  24  3:48  Hellion x2  
  29  3:55  SCV, Factory  
  30  4:01  Stimpack  
  30  4:03  Marine  
  30  4:07  SCV  
  30  4:09  Engineering Bay  
  32  4:15  Hellion  
  34  4:19  SCV  
  34  4:22  Orbital Command  
  36  4:31  SCV, Medivac  
  36  4:38  Factory Tech Lab  
  38  4:46  Engineering Bay  
  38  4:50  SCV  
  39  4:57  Marine  
  39  4:59  Hellion x2  
  44  5:03  Medivac  
  44  5:06  SCV  
  47  5:08  SCV  
  48  5:14  Armory, Refinery  
  51  5:21  Siege Tank  
  51  5:24  Medivac  
  53  5:36  SCV  
  53  5:40  Refinery  
  54  5:48  SCV  
  55  5:53  Supply Depot, Siege Tank  
  58  6:07  Medivac x2  
  62  6:15  SCV, Hellion x2  
  62  6:18  Supply Depot  
  67  6:24  Sensor Tower  
  67  6:28  SCV  
  68  6:40  SCV  
Show
View Real Time Build Order
Export as new Build Order

JoTeDeM Terran 

Build Orders:  

Get SALT Encoding   

  12  0:00  SCV  
  13  0:13  SCV  
  14  0:18  Supply Depot  
  14  0:25  SCV  
  15  0:32  Refinery  
  15  0:39  SCV  
  16  0:45  Barracks  
  16  0:51  SCV  
  17  1:03  SCV  
  18  1:15  SCV  
  19  1:24  Refinery  
  19  1:28  SCV  
  20  1:33  Reaper  
  20  1:39  Supply Depot  
  21  1:40  SCV  
  22  1:52  SCV  
  23  2:05  Reaper  
  24  2:11  Command Center  
  24  2:24  Orbital Command  
  23  2:51  SCV  
  23  2:57  Bunker  
  24  3:03  SCV  
  24  3:14  Reaper  
  23  3:29  SCV x2  
  25  3:41  SCV  
  25  3:42  Orbital Command  
  26  3:52  Factory  
  26  3:57  SCV  
  26  4:02  Barracks  
  27  4:03  Supply Depot, Barracks  
  27  4:09  SCV  
  28  4:20  SCV  
  28  4:21  SCV  
  30  4:30  Refinery  
  30  4:32  SCV, Reaper  
  30  4:33  SCV  
  33  4:39  Starport  
  33  4:40  Factory Tech Lab  
  33  4:45  SCV  
  34  4:46  SCV  
  34  4:48  Supply Depot  
  35  4:57  SCV  
  35  4:58  SCV  
  37  5:09  SCV  
  37  5:10  SCV  
  39  5:21  SCV  
  40  5:22  SCV  
  41  5:29  Reaper x3, Barracks  
  41  5:33  SCV  
  41  5:34  SCV  
  46  5:44  Factory  
  46  5:45  SCV, Factory  
  46  5:46  SCV  
  48  5:57  SCV  
  48  5:58  SCV  
  50  6:14  SCV x2  
  52  6:27  Barracks Tech Lab  
  52  6:28  Barracks Reactor  
  52  6:31  Command Center  
  52  6:33  Factory Tech Lab, Factory Reactor x2  
  52  6:34  Marine  
  52  6:35  Barracks  
  52  6:37  Barracks Reactor  
  51  6:47  SCV  
  51  6:48  SCV  
Tags
 
Matchup
TvT
Race
Terran
Add a new tag
Caveats
  • Supply blocks, unpowered buildings, or Contaminate may cause inaccurate times.
  • Supply counts are checked every 10 seconds.